 Dungeon Crawl Stone Soup version 0.29.1-12-g30fa7ad0bf (webtiles) character file.

Game seed: 14376811259838417903

30 Radix the Digger (level 3, -1/19 HPs)
             Began as a Gargoyle Earth Elementalist on Dec 14, 2022.
             Slain by Terence
             ... wielding a +0 hand axe
              (4 damage)
             ... on level 2 of the Dungeon.
             The game lasted 00:07:23 (1005 turns).

Radix the Digger (Gargoyle Earth Elementalist)      Turns: 1005, Time: 00:07:24

Health: -1/19      AC:  6    Str: 11    XL:     3   Next: 18%
Magic:  2/6        EV: 11    Int: 17    God:
Gold:   56         SH:  0    Dex: 10    Spells: 6/7 levels left

rFire   . . .      SeeInvis .   g - staff of earth
rCold   . . .      Faith    .   (no shield)
rNeg    + . .      Spirit   .   a - +0 robe
rPois   ∞          Reflect  .   (no helmet)
rElec   +          Harm     .   (no cloak)
rCorr   .          Rampage  .   d - +0 pair of gloves
Will    .....                   (no boots)
Stlth   ++........              n - amulet of the acrobat
HPRegen 0.06/turn               (no ring)
MPRegen 0.10/turn               (no ring)

@: mighty
A: sickness immunity, AC +3, negative energy resistance 1, electricity
resistance, torment resistance 1, petrification resistance
a: no special abilities


You were on level 2 of the Dungeon.
You visited 1 branch of the dungeon, and saw 2 of its levels.

You collected 56 gold pieces.

Inventory:

Hand Weapons
 e - a +2 dagger of venom
Armour
 a - a +0 robe (worn)
 d - a +0 pair of gloves (worn)
Magical Staves
 g - a staff of earth (weapon)
Jewellery
 n - an amulet of the acrobat (around neck)
Scrolls
 c - a scroll of blinking {unknown}
 h - a scroll of teleportation {unknown}
 i - a scroll of amnesia {unknown}
 j - a scroll of fear {unknown}
 o - a scroll of acquirement {unknown}
Potions
 b - a potion of magic
 f - 2 potions of might
 k - a potion of attraction {unknown}
 l - a potion of degeneration {unknown}
 m - a potion of invisibility {unknown}


   Skills:
 + Level 0.4 Staves
 - Level 1.5 Dodging
 - Level 2.1 Stealth
 + Level 2.6 Spellcasting
 - Level 0.7 Transmutations
 + Level 4.3 Earth Magic
 + Level 0.2 Evocations


You had 6 spell levels left.
You knew the following spells:

 Your Spells              Type           Power      Damage    Failure   Level
a - Sandblast             Erth           50%        2d12      3%          1

Your spell library contained the following spells:

 Spells                   Type           Power      Damage    Failure   Level
 Passwall                 Tmut/Erth      13%        N/A       10%         2
 Stone Arrow              Conj/Erth      28%        3d8       22%         3
 Summon Guardian Golem    Hex/Summ       2%         N/A       50%         3
 Petrify                  Tmut/Erth      16%        N/A       54%         4
 Orb of Destruction       Conj           1%         9d5       100%        7
 Spellforged Servitor     Conj/Summ      1%         N/A       100%        7


Dungeon Overview and Level Annotations

Branches:
Dungeon (2/15)

Altars:

Annotations:
D:2 Terence


Innate Abilities, Weirdness & Mutations

You are immune to sickness and miasma.
Your stone body is resilient. (AC +3)
You are immune to poison.
You resist negative energy. (rN+)
You are resistant to electric shocks. (rElec)
You are resistant to unholy torment.
You are immune to petrification.


Message History

Aiming: Sandblast (safe; 3% risk of failure)
Press: ? - help, Q - select action Shift-Dir - straight line, f - Terence
Aim: Terence, wielding a +0 hand axe and wearing a +0 scale mail (85% to hit)
You feel a surge of power!
The blast of sand hits Terence.
Terence is lightly wounded.
The endoplasm quivers.
Terence hits you with a +0 hand axe.
Aiming: Sandblast (safe; 3% risk of failure)
Press: ? - help, Q - select action Shift-Dir - straight line, f/p - Terence
Aim: Terence, wielding a +0 hand axe and wearing a +0 scale mail (lightly wounded, 85% to hit)
You feel a surge of power!
The blast of sand hits Terence!
Terence is moderately wounded.
Terence hits you with a +0 hand axe.
Aiming: Sandblast (safe; 3% risk of failure)
Press: ? - help, Q - select action Shift-Dir - straight line, f/p - Terence
Aim: Terence, wielding a +0 hand axe and wearing a +0 scale mail (moderately wounded, 85% to hit)
You feel a surge of power!
The blast of sand misses Terence.
Terence hits you with a +0 hand axe.
An endoplasm comes into view.
Terence hits you with a +0 hand axe.
* * * LOW HITPOINT WARNING * * *
Aiming: Sandblast (safe; 3% risk of failure)
Press: ? - help, Q - select action Shift-Dir - straight line, f/p - Terence
Aim: Terence, wielding a +0 hand axe and wearing a +0 scale mail (moderately wounded, 85% to hit)
You feel a surge of power!
The blast of sand hits Terence but does no damage.
Terence is moderately wounded.
The endoplasm quivers.
Terence barely misses you.
The endoplasm jiggles.
It was a potion of might.
You feel very mighty all of a sudden. Terence closely misses you.
Aiming: Sandblast (safe; 3% risk of failure)
Press: ? - help, Q - select action Shift-Dir - straight line, f/p - Terence
Aim: Terence, wielding a +0 hand axe and wearing a +0 scale mail (moderately wounded, 85% to hit)
You feel a surge of power!
The blast of sand hits Terence.
Terence is heavily wounded.
Terence hits you with a +0 hand axe.
You die...

# #.....#.....#####... #
#...).#.....# ...##..
.###.....#.....# .......
~#.~.....#.....# .......
~#~......#.....# #...J..# #.#
##.......#.....#+##.J....# #.#
~........####....J.#..#######.#
.~.##...#####....@.#..........#
....'...'.......@..#..........#
#####...######+#+###..†.......#
..# ###......... # #..........###
..#####......... +.###...........
.................#........###.###
.......######....#.........##.###
.......# #....#.........<#....
.......# #....#..........##...
.......# #....#..........##...


You could see Terence and 2 endoplasms.

Vanquished Creatures
  A worm (D:2)
  A dart slug (D:2)
  A ball python (D:1)
  2 bats (D:1)
  3 endoplasms (D:1)
  3 goblins (D:1)
  2 hobgoblins (D:1)
  3 kobolds
  A quokka (D:1)
  2 frilled lizards
  3 rats (D:1)
  A spectral hobgoblin (D:2)
23 creatures vanquished.

Notes
Turn   | Place    | Note
-------+----------+-------------------------------------------
     0 | D:1      | Radix the Gargoyle Earth Elementalist began the quest for
                  | the Orb.
     0 | D:1      | Reached XP level 1. HP: 10/10 MP: 3/3
   135 | D:1      | Reached XP level 2. HP: 15/15 MP: 5/5
   143 | D:1      | Reached skill level 4 in Earth Magic
   621 | D:2      | Reached XP level 3. HP: 19/19 MP: 2/6
   844 | D:2      | Found a faded altar of an unknown god.
   993 | D:2      | Noticed Terence
  1005 | D:2      | Slain by Terence

Illustrated notes

Levels and vault maps discovered:
D:1:      nicolae_arrival_memento_mori, layout_rooms
D:2:      layout_basic, dreamdust_ecumenical_altar_drowned_temple, uniq_terence

Skill      XL: |  1  2 |
---------------+-------+-----
Earth Magic    | 4 |  4.3
Staves         | |  0.4
Dodging        | |  1.5
Stealth        | |  2.1
Spellcasting   | |  2.6
Transmutations | |  0.7
Evocations     | |  0.2

Action                   || total
-------------------------++-------
Melee: Dagger            ||    22
       Staff             ||    16
 Cast: Sandblast         ||    19
  Use: Potion            ||     1
 Stab: Sleeping          ||     1
Armor: Robe              ||    24
Dodge: Dodged            ||    23
